 Dungeon Crawl Stone Soup version 0.31-a0-1-g4198be8af4 (webtiles) character file.

Game seed: 10064085965897541895

53 bande the Covered (level 3, -2/24 HPs)
             Began as a Gargoyle Fighter on May 2, 2023.
             Slain by Sigmund
             ... wielding a +2 scythe of venom
              (9 damage)
             ... on level 2 of the Dungeon.
             The game lasted 00:01:41 (1171 turns).

bande the Covered (Gargoyle Fighter)                Turns: 1171, Time: 00:01:42

Health: -2/24      AC: 17    Str: 19    XL:     3   Next: 89%
Magic:  3/3        EV:  7    Int:  8    God:
Gold:   10         SH:  4    Dex: 11    Spells: 2/2 levels left

rFire   + . .        a - +0 war axe
rCold   . . .        c - +0 buckler
rNeg    + . .        h - +3 chain mail {rF+}
rPois   ∞            (no helmet)
rElec   +            g - +1 cloak
rCorr   .            (no gloves)
SInv    .            (no boots)
Will    .....        (no amulet) Stlth
                     (no ring)
HPRegen 0.24/turn    (no ring)
MPRegen 0.08/turn

%: no passive effects
@: mighty
A: sickness immunity, AC +3, negative energy resistance 1, electricity
resistance, torment resistance 1, petrification resistance
a: no special abilities


You were on level 2 of the Dungeon.
You visited 1 branch of the dungeon, and saw 2 of its levels.

You collected 10 gold pieces.

Inventory:

Hand Weapons
 a - a +0 war axe (weapon)
Armour
 c - a +0 buckler (worn)
 g - a +1 cloak (worn)
 h - a +3 chain mail of fire resistance (worn)
Scrolls
 i - a scroll of teleportation {unknown}
Potions
 b - a potion of brilliance {unknown}
 e - a potion of berserk rage {unknown}
 f - a potion of curing {unknown}
 j - a potion of flight {unknown}


   Skills:
 + Level 3.7 Fighting
 + Level 2.5 Axes
 + Level 3.9 Armour
 - Level 0.2 Dodging
 + Level 3.6 Shields


You had 2 spell levels left.
You didn't know any spells.
Your spell library contained the following spells:

 Spells                   Type           Power      Damage    Failure   Level
 Inner Flame              Hex/Fire       0%         N/A       100%        3
 Flame Wave               Conj/Fire      0%         2d4       100%        4
 Sticky Flame             Conj/Fire      0%         2d3       100%        4


Dungeon Overview and Level Annotations

Branches:
Dungeon (2/15)

Altars:

Annotations:
D:2 Sigmund


Innate Abilities, Weirdness & Mutations

You are immune to sickness and miasma.
Your stone body is resilient. (AC +3)
You are immune to poison.
You resist negative energy. (rN+)
You are resistant to electric shocks. (rElec)
You are resistant to unholy torment.
You are immune to petrification.


Message History

An adder comes into view.
An adder comes into view.
The adder hisses angrily.
Sigmund hits you with a +2 scythe of venom.
You feel very mighty all of a sudden.
The adder hisses angrily.
You slash Sigmund!
Sigmund is severely wounded.
Sigmund casts a spell at you. The puff of flame hits you. You resist.
The adder bites you but does no damage.
Unknown command.
You closely miss Sigmund.
Sigmund is severely wounded.
You hit the adder. The adder bites you. Sigmund casts a spell at you.
You resist with significant effort. You block the adder's attack.
Sigmund hits you with a +2 scythe of venom.
You barely miss Sigmund.
Sigmund is severely wounded.
You closely miss the adder. You hit the adder.
The adder bites you but does no damage. x2; The adder closely misses you.
Sigmund mumbles some strange words.
Sigmund flickers and vanishes!
Deactivating autopickup; reactivate with Ctrl-A.
The adder barely misses you.
Unknown command.
You barely miss something. You closely miss the adder. x2
The adder closely misses you. The adder bites you but does no damage.
You hear some strange, mumbled words.
A puff of flame appears from out of thin air!
The puff of flame hits you but does no damage.
You block the adder's attack. The adder bites you but does no damage.
Unknown command.
You miss something. You hit the adder. You miss the adder. Something hits you.
* * * LOW HITPOINT WARNING * * *
The adder bites you but does no damage. x2
You closely miss something. You barely miss the adder. You slash the adder!
You kill the adder!
The adder barely misses you. Something hits you!
You die...

#.##...# # #.#
######.#
#.##.... ..
#.# #......#
.......## #.
#.# #.######
######.# #.
#.# #.# .#
##.## ###.#
.... #...#
##.#######.###
#.†........#
#.@#######.###
#S{# #.#.##
...<# #....#
####.# #...##
#.# ###.# #.#
#.# #.# #.#
..#
#######.######
..............


You could see an adder.

Vanquished Creatures
  An adder (D:2)
  2 dart slugs (D:1)
  6 bats
  4 endoplasms
  3 giant cockroaches (D:1)
  7 goblins
  4 hobgoblins (D:1)
  6 kobolds
  5 quokkas
  3 ball pythons
  2 frilled lizards
  A rat (D:1)
44 creatures vanquished.

Notes
Turn   | Place    | Note
-------+----------+-------------------------------------------
     0 | D:1      | bande the Gargoyle Fighter began the quest for the Orb.
     0 | D:1      | Reached XP level 1. HP: 14/14 MP: 1/1
   134 | D:1      | Reached XP level 2. HP: 19/19 MP: 2/2
   320 | D:1      | Reached XP level 3. HP: 23/23 MP: 3/3
  1163 | D:2      | Noticed Sigmund
  1171 | D:2      | Slain by Sigmund

Illustrated notes

Levels and vault maps discovered:
D:1:      amcnicky_arrival_flooded_fountain, layout_basic,
          hangedman_decor_lopped
D:2:      layout_loops_ring, uniq_sigmund, uniq_robin, uniq_terence

Skill      XL: |  1  2 |
---------------+-------+-----
Axes           | 2 |  2.5
Fighting       | |  3.7
Armour         | |  3.9
Dodging        | |  0.2
Shields        | |  3.6

Action                     || total
---------------------------++-------
  Melee: War axe           ||   135
    Use: Scroll            ||     1
         Potion            ||     1
 Armour: Scale mail        ||    30
         Chain mail        ||    68
  Dodge: Dodged            ||    61
  Block: Buckler           ||    26

Table legend: (Time is in decaauts)
 A = Elapsed time spent in this place.
 B = Non-inter-level travel time spent in this place.
 C = Inter-level travel time spent in this place.
 D = Time resting spent in this place.
 E = Time spent auto-exploring this place.
 F = Levels seen in this place.
 G = Mean time per level.
                   A        B        C        D        E       F      G
               +--------+--------+--------+--------+--------+-----+--------+
         Total |   1228 |   1228 |      0 |      0 |    854 |   2 |  614.0 |
       Dungeon |   1228 |   1228 |      0 |      0 |    854 |   2 |  614.0 |
               +--------+--------+--------+--------+--------+-----+--------+

Top non-repeatable levels by time:
     D:1: 941 daAuts
     D:2: 287 daAuts
